Map: Sequencer LE

Players

NORTHAMERICA - Winner!

  • Race: Protoss Protoss
  • League: Grandmaster
  • Spawn Location: 1:00

llllllllllll

  • Race: Protoss Protoss
  • League: Master
  • Spawn Location: 7:00

VOD

Have the link to the VOD?

Description

Time

  • Played on: June 16, 2017, 2:43 a.m.
  • Length: 5:21
Show
View Real Time Build Order
Export as new Build Order

NORTHAMERICA Protoss - Winner!

Build Orders:  

Get SALT Encoding   

  12  0:01  Probe (Chrono Boost)  
  13  0:11  Probe (Chrono Boost)  
  14  0:18  Pylon  
  14  0:22  Probe (Chrono Boost)  
  15  0:36  Probe (Chrono Boost)  
  15  0:38  Gateway  
  16  0:47  Probe (Chrono Boost)  
  16  0:48  Assimilator  
  17  0:53  Assimilator  
  17  0:57  Probe (Chrono Boost)  
  18  1:08  Probe (Chrono Boost)  
  18  1:11  Gateway  
  20  1:18  Probe (Chrono Boost)  
  20  1:25  Cybernetics Core  
  20  1:29  Probe (Chrono Boost)  
  21  1:35  Pylon  
  21  1:39  Probe (Chrono Boost)  
  22  1:50  Probe (Chrono Boost)  
  22  1:52  Warp Gate  
  24  2:01  Stalker x2  
  27  2:12  Mothership Core (Chrono Boost)  
  29  2:17  Pylon  
  29  2:31  Stalker  
  29  2:33  Stalker  
  33  2:41  Probe (Chrono Boost)  
  34  3:01  Stalker  
  34  3:02  Stalker  
  34  3:04  Pylon  
  38  3:21  Nexus  
  38  3:39  Probe (Chrono Boost)  
  39  3:51  Probe (Chrono Boost)  
  40  3:57  Stalker x2  
  44  4:03  Robotics Facility  
  44  4:04  Probe (Chrono Boost)  
  44  4:06  Pylon  
  44  4:21  Stalker  
  46  4:25  Stalker  
  46  4:32  Probe (Chrono Boost)  
  47  4:41  Probe (Chrono Boost)  
  46  4:54  Probe (Chrono Boost)  
  46  4:57  Stalker x2, Twilight Council  
Show
View Real Time Build Order
Export as new Build Order

llllllllllll Protoss 

Build Orders: Oracle Opening 

Get SALT Encoding   

  12  0:00  Probe (Chrono Boost)  
  13  0:11  Probe (Chrono Boost)  
  14  0:18  Pylon  
  14  0:21  Probe (Chrono Boost)  
  15  0:36  Probe (Chrono Boost)  
  15  0:37  Gateway  
  16  0:43  Assimilator  
  16  0:47  Probe (Chrono Boost)  
  17  0:51  Assimilator  
  17  0:57  Probe (Chrono Boost)  
  18  1:08  Probe (Chrono Boost)  
  18  1:10  Gateway  
  20  1:18  Probe (Chrono Boost)  
  20  1:24  Cybernetics Core  
  20  1:29  Probe (Chrono Boost)  
  21  1:38  Pylon  
  21  1:39  Probe (Chrono Boost)  
  22  1:50  Probe (Chrono Boost)  
  23  1:59  Warp Gate  
  23  2:01  Probe (Chrono Boost)  
  24  2:06  Adept x2  
  28  2:14  Stargate  
  28  2:20  Pylon  
  30  2:31  Mothership Core (Chrono Boost)  
  30  2:38  Adept  
  30  2:42  Adept  
  34  2:51  Probe (Chrono Boost)  
  35  2:56  Oracle  
  35  3:03  Pylon, Probe (Chrono Boost)  
  39  3:26  Nexus  
  39  3:29  Oracle  
  40  3:49  Robotics Facility  
  40  3:51  Probe (Chrono Boost)  
  40  4:03  Probe (Chrono Boost)  
  40  4:05  Adept x2  
  45  4:17  Probe (Chrono Boost)  
  45  4:29  Probe (Chrono Boost)  
  44  4:31  Stalker  
  44  4:33  Stalker  
  44  4:59  Stalker x2  
  44  5:07  Probe (Chrono Boost)  
  44  5:09  Probe (Chrono Boost)  
Tags
 
Add a new tag
Caveats
  • Supply blocks, unpowered buildings, or Contaminate may cause inaccurate times.
  • Supply counts are checked every 10 seconds.